 Seeded DCSS version 0.30-a0-715-gdb4ae3ece1 (webtiles) character file.

Game seed: 5430720872467839093 (custom seed)

133 OTABOTABOTAB the Caller (level 5, 0/32 HPs)
             Began as an Octopode Summoner on Jan 23, 2023.
             Slain by an orc
             ... wielding a +0 whip
              (5 damage)
             ... on level 2 of the Dungeon.
             The game lasted 00:04:58 (2653 turns).

OTABOTABOTAB the Caller (Octopode Summoner)         Turns: 2653, Time: 00:04:58

Health: 0/32       AC:  1    Str: 13    XL:     5   Next: 16%
Magic:  3/10       EV: 13    Int: 20    God:
Gold:   3606       SH:  0    Dex: 12    Spells: 1/10 levels left

rFire   . . .      SeeInvis .    a - +0 dagger (venom)
rCold   + . .      Faith    .    (no shield)
rNeg    . . .      Spirit   .    (helmet restricted)
rPois   .          Reflect  .    (no amulet)
rElec   .          Harm     .    b - +6 ring of strength
rCorr   .          Rampage  .    C - ring of protection from cold {rC+, !d}
Will    .....                    (no ring)
Stlth   +++                      (no ring)
HPRegen 0.25/turn                (no ring)
MPRegen 0.12/turn                (no ring)
                                 (no ring)
                                 (no ring)

@: no status effects
A: almost no armour, amphibious, 8 rings, camouflage 1, gelatinous body 1,
(nimble swimmer 1), tentacles
a: no special abilities


You were on level 2 of the Dungeon.
You visited 1 branch of the dungeon, and saw 3 of its levels.

You collected 3606 gold pieces.

Inventory:

Hand Weapons
 a - a +0 dagger of venom (weapon)
   (You took it off a kobold on level 1 of the Dungeon)
Missiles
 s - 3 stones
Jewellery
 b - a +6 ring of strength (left tentacle)
   (You found it on level 1 of the Dungeon)
 C - a ring of protection from cold (right tentacle) {rC+, !d}
   (You found it on level 2 of the Dungeon)
Scrolls
 f - 2 scrolls of amnesia
Potions
 d - a potion of mutation {unknown}
 j - a potion of attraction {unknown}
 J - 2 potions of curing {@q1}
 M - a potion of magic


   Skills:
 + Level 0.8 Fighting
 + Level 2.2 Dodging
 - Level 2.6 Stealth
 + Level 3.3 Spellcasting
 + Level 0.8 Hexes
 + Level 5.0 Summonings


You had one spell level left.
You knew the following spells:

 Your Spells              Type           Power      Damage    Failure   Level
a - Summon Small Mammal   Summ           92%        N/A       1%          1
b - Call Canine Familiar  Summ           23%        N/A       4%          3
c - Call Imp              Summ           23%        N/A       2%          2
d - Summon Guardian Gole  Hex/Summ       15%        N/A       12%         3

Your spell library contained the following spells:

 Spells                   Type           Power      Damage    Failure   Level
 Summon Lightning Spire   Summ/Air       13%        N/A       43%         4


Dungeon Overview and Level Annotations

Branches:
Dungeon (3/15)

Altars:

Shops:
D:2 ?


Innate Abilities, Weirdness & Mutations

You cannot wear most types of armour.
You are amphibious.
You can wear up to eight rings at the same time.
Your skin changes colour to match your surroundings (Stealth+).
Your rubbery body absorbs attacks. (AC +1, EV +1)
((You are camouflaged when in or above water. (Stealth+)))
You have tentacles for arms and can constrict up to eight enemies at once.


Message History

It was a scroll of torment.
You take 14 damage, and have 18/32 hp.
MASSIVE DAMAGE!!
You start resting.
Health restored: 32 Unknown command.
As you read the scroll labelled FOAG OXIETEFUL, it crumbles to dust.
The scroll dissolves into smoke.
It was a scroll of fog.
Unknown command.
You start waiting.
Done waiting.
As you read the scroll labelled KIASOIHUUP, it crumbles to dust.
It is a scroll of identify.
i - 2 potions of curing;
J - 2 potions of curing
As you read the scroll labelled KIEHURPHODD, it crumbles to dust.
It is a scroll of brand weapon.
Your +0 dagger drips with poison.
a - a +0 dagger of venom (weapon)
As you read the scroll labelled QODEMI MUTED, it crumbles to dust.
You hear a loud clanging noise!
It was a scroll of noise.
As you read the scroll labelled OSHUOC TYODAXA, it crumbles to dust.
It is a scroll of amnesia.
Really abort (and waste the scroll)?
Okay, then.
Unknown command.
Okay, then.
As you read the scroll labelled ULOOHASMUSE, it crumbles to dust.
The air around you briefly surges with heat, but it dissipates.
It was a scroll of immolation.
As you read the scroll labelled VADUNN HIYST, it crumbles to dust.
You feel strangely unstable.
It was a scroll of teleportation.
You start waiting.
Your surroundings suddenly seem different.
As you read the scroll labelled YMAALE IKAA, it crumbles to dust.
It is a scroll of enchant armour.
You aren't carrying any armour which can be enchanted further.
This is a scroll of acquirement!
Something appears before you!
You now have enough gold to buy a scroll of blinking on this level.
You now have 668 gold pieces (gained 599).
Something appears before you!
You now have 1899 gold pieces (gained 1231).
Something appears before you!
You now have 2868 gold pieces (gained 969).
Something appears before you!
You now have 3606 gold pieces (gained 738).
Done exploring.
Done exploring.
Done exploring.
Done exploring.
Done exploring.
(D) Dungeon
Where to? (Enter - D:2, ? - help)
There is a stone staircase leading down here.
You climb downwards.
Found six items.
Found an escape hatch in the ceiling.
Found two stone staircases leading down and a stone staircase leading up.
There is a stone staircase leading up here.
There are monsters nearby!
The hobgoblin shouts!
The orc wizard shouts!
The orc shouts! x2
The orc priest shouts!
You now have 7/10 mp.
A beastly little devil appears in a puff of flame.
A ball python comes into view.
The orc wizard misses you.
The orc hits your hound with a +0 flail!
You now have 5/10 mp.
Your hound barely misses the orc.
The orc barely misses you.
Your hound completely misses the orc.
The orc priest completely misses your hound.
The orc wizard closely misses you. The orc closely misses your hound.
You now have 4/10 mp.
Your hound bites the orc.
The orc hits you but does no damage.
The orc priest hits your hound with a +0 club!
The orc hits you with a +0 club.
The orc wizard hits you with a +0 dagger.
The orc barely misses your hound.
Your rat bites the orc wizard but does no damage.
Your crimson imp blinks!
You take 6 damage, and have 26/32 hp.
You now have 3/10 mp.
Your hound barely misses the orc.
Your hound bites the orc.
The orc dies!
The orc priest misses your hound. The orc hits you with a +0 club.
The orc wizard casts a spell at you. The puff of flame hits you!
Your rat bites the orc wizard but does no damage.
The orc barely misses you.
You climb upwards.
Your summoned allies are left behind.
There is a stone staircase leading down here.
You take 12 damage, and have 14/32 hp.
MASSIVE DAMAGE!!
You hit the orc but do no damage.
The orc is poisoned.
You grab the orc.
You constrict the orc, but do no damage.
The orc wizard gestures at you while chanting.
The magic dart hits you!
* * * LOW HITPOINT WARNING * * *
The orc hits you with a +0 whip.
You die...

#..#...#.....#...#.....
#....#....#....#....#.#
#......#.....#...#....#
###..#...#.#.......#...
##...#.....##........
###.##.#####..#..###
#o##.#####.##..#
#o##.......##..###
#@#####........... #o#
##.......... #.#
##.#.#...... #.#
#........... #.#
#.........##
#.#####.......#.#
#.............#.#
#######.....).#.#
#.......#.#


You could see an orc wizard and 2 orcs.

Vanquished Creatures
  An adder (D:2)
  A ball python (D:1)
  A bat (D:2)
  2 goblins
  A hobgoblin (D:2)
  2 jackals (D:1)
  A kobold (D:2)
  A frilled lizard (D:2)
10 creatures vanquished.

Vanquished Creatures (collateral kills)
  A necrophage (D:2)
  3 gnolls (D:2)
  An orc (D:3)
  2 bats
  5 endoplasms
  A hobgoblin (D:1)
  2 jackals (D:1)
  4 kobolds (D:1)
  2 quokkas (D:1)
  A ball python (D:1)
  2 goblins
  A rat (D:1)
25 creatures vanquished.

Grand Total: 35 creatures vanquished

Notes
Turn   | Place    | Note
-------+----------+-------------------------------------------
     0 | D:1      | OTABOTABOTAB the Octopode Summoner began the quest for the
                  | Orb.
     0 | D:1      | Reached XP level 1. HP: 11/11 MP: 3/3
   264 | D:1      | Reached XP level 2. HP: 11/17 MP: 1/5
   267 | D:1      | Learned a level 2 spell: Call Imp
  1152 | D:1      | Reached XP level 3. HP: 21/21 MP: 1/6
  1156 | D:1      | Learned a level 3 spell: Call Canine Familiar
  1887 | D:2      | Reached skill level 3 in Spellcasting
  1888 | D:2      | Reached XP level 4. HP: 27/27 MP: 1/8
  1897 | D:2      | Learned a level 3 spell: Summon Guardian Golem
  2116 | D:2      | Found Doddoiw's Magic Scroll Shoppe.
  2213 | D:2      | Noticed a necrophage
  2223 | D:2      | Killed a necrophage
  2224 | D:2      | Reached skill level 5 in Summonings
  2224 | D:2      | Reached XP level 5. HP: 32/32 MP: 2/10
  2636 | D:2      | Identified 4 scrolls of acquirement
  2636 | D:2      | Acquired 599 gold pieces
  2638 | D:2      | Acquired 1231 gold pieces
  2640 | D:2      | Acquired 969 gold pieces
  2642 | D:2      | Acquired 738 gold pieces
  2653 | D:2      | HP: 5/32 [orc wizard/magic dart (9)]
  2653 | D:2      | Slain by an orc

Illustrated notes

Levels and vault maps discovered:
D:1:      dpeg_arrival_boxes_within_box, layout_basic
D:2:      layout_loops_ring, serial_shops, shop, nicolae_kite_square_tiling_tiny
D:3:      layout_rooms, okawaru_metal_pillars_3, ebering_ecumenical_altar_rust

Skill      XL: |  1  2  3  4 |
---------------+-------------+-----
Spellcasting   | 3 |  3.3
Summonings     | 5 |  5.0
Fighting       | |  0.8
Dodging        | |  2.2
Stealth        | |  2.6
Hexes          | |  0.8

Action                     |  1- 3 |  4- 6 || total
---------------------------+-------+-------++-------
  Melee: Dagger            |    28 |     1 ||    29
         Constrict         |     9 |     1 ||    10
         Tentacles         |     4 |       ||     4
  Throw: Stone             |     1 |       ||     1
   Cast: Summon Small Mamm |    34 |     4 ||    38
         Call Imp          |    17 |     2 ||    19
         Call Canine Famil |     7 |     2 ||     9
    Use: Scroll            |       |    13 ||    13
 Armour: Skin              |     7 |     1 ||     8
  Dodge: Dodged            |    28 |     4 ||    32

Table legend: (Time is in decaauts)
 A = Elapsed time spent in this place.
 B = Non-inter-level travel time spent in this place.
 C = Inter-level travel time spent in this place.
 D = Time resting spent in this place.
 E = Time spent auto-exploring this place.
 F = Levels seen in this place.
 G = Mean time per level.
                   A        B        C        D        E       F      G
               +--------+--------+--------+--------+--------+-----+--------+
         Total |   2651 |   2624 |     27 |    159 |   2134 |   3 |  883.7 |
       Dungeon |   2651 |   2624 |     27 |    159 |   2134 |   3 |  883.7 |
               +--------+--------+--------+--------+--------+-----+--------+

Top non-repeatable levels by time:
     D:1: 1436 daAuts
     D:2: 1209 daAuts
     D:3: 5 daAuts

Table legend:
 A = Kills in this place as a percentage of kills in entire the game.
 B = Kills by you in this place as a percentage of kills by you in the entire game.
 C = Kills by friends in this place as a percentage of kills by friends in the entire game.
 D = Other kills in this place as a percentage of other kills in the entire game.
 E = Experience gained in this place as a percentage of experience gained in the entire game.
 F = Experience gained in this place divided by the number of levels of this place that you have seen.
                   A       B       C       D       E      F
               +-------+-------+-------+-------+-------+----------------------
         Total | 100.0 | 100.0 | 100.0 |   N/A | 100.0 |  63.3
       Dungeon | 100.0 | 100.0 | 100.0 |   N/A | 100.0 |  63.3
               +-------+-------+-------+-------+-------+----------------------
